[ AOE2 MATCH · #506373820 ]
UnrankedTurks vs Burgundians
Player's team · WIN
[ REPLAY ANALYSIS · EXTRACTED FROM THE RECORDED GAME ]
Feudal
8:59
Castle
—
Imperial
—
| APM avg | 87.9 |
| APM peak | 123 |
| eAPM avg | 37.6 |
| Villagers / military | 57 / 44 |
Focus
⚔️ 54.0% · 🌾 46.0%
Archer ×31 · Scout Cavalry ×8 · Militia ×5
Feudal
9:19
Castle
21:14
Imperial
—
| APM avg | 93.2 |
| APM peak | 123 |
| eAPM avg | 39.4 |
| Villagers / military | 50 / 31 |
Focus
⚔️ 42.1% · 🌾 57.9%
Archer ×15 · Spearman ×8 · Skirmisher ×4 · Flemish Militia ×4
Match map
Initial resources + every placement click. Lines = walls · curves = elevation contours. ◆ gold · ⬟ stone · ● berries · ✦ relic · ◌ wall gap
Your base· Open — unwalled flank
肥肥ming's base· Open — 11t gap
Smoothed initial terrain · ◌ = detected wall gap · hover for details
Inputs per minute
— wR.Prisma - - 肥肥ming
Build order — wR.Prisma
First 150 of 166 actions detected
| 0:00 | Create | Villager (Male) |
| 0:01 | Create | Villager (Male) |
| 0:02 | Build | House |
| 0:03 | Build | House |
| 0:12 | Create | Villager (Male) |
| 0:21 | Create | Villager (Male) |
| 1:29 | Create | Villager (Male) |
| 2:01 | Create | Villager (Male) |
| 2:10 | Build | Lumber Camp |
| 2:23 | Create | Villager (Male) |
| 2:24 | Create | Villager (Male) |
| 2:44 | Create | Villager (Male) |
| 3:07 | Create | Villager (Male) |
| 3:33 | Create | Villager (Male) |
| 4:01 | Create | Villager (Male) |
| 4:16 | Build | House |
| 4:16 | Build | House |
| 4:24 | Create | Villager (Male) |
| 4:34 | Create | Villager (Male) |
| 4:39 | Research | Loom |
| 4:39 | Research | Loom |
| 4:57 | Create | Villager (Male) |
| 5:01 | Create | Villager (Male) |
| 5:21 | Build | Barracks |
| 5:26 | Build | Barracks |
| 5:28 | Create | Villager (Male) |
| 5:33 | Create | Villager (Male) |
| 5:43 | Create | Villager (Male) |
| 5:55 | Create | Villager (Male) |
| 6:22 | Build | House |
| 6:49 | Research | Feudal Age |
| 7:07 | Create | Militia |
| 7:08 | Create | Militia |
| 7:21 | Create | Militia |
| 7:21 | Create | Militia |
| 7:23 | Build | Mining Camp |
| 7:56 | Create | Militia |
| 8:25 | Create | Villager (Male) |
| 8:59 | Age | Feudal Age |
| 9:02 | Build | Archery Range |
| 9:03 | Research | Man-at-Arms (upgrade) |
| 9:12 | Build | Mill |
| 9:16 | Create | Villager (Male) |
| 9:43 | Build | House |
| 9:50 | Create | Villager (Male) |
| 9:51 | Build | Farm |
| 9:58 | Create | Archer |
| 9:58 | Create | Archer |
| 10:12 | Build | Farm |
| 10:26 | Create | Villager (Male) |
| 10:27 | Create | Villager (Male) |
| 10:29 | Create | Archer |
| 10:34 | Build | Farm |
| 11:01 | Create | Archer |
| 11:02 | Create | Villager (Male) |
| 11:15 | Build | Farm |
| 11:15 | Build | Farm |
| 11:23 | Create | Archer |
| 11:25 | Create | Villager (Male) |
| 11:45 | Build | Farm |
| 11:49 | Build | House |
| 11:50 | Create | Villager (Male) |
| 11:58 | Create | Villager (Male) |
| 12:02 | Create | Archer |
| 12:13 | Create | Villager (Male) |
| 12:21 | Build | Palisade Wall |
| 12:34 | Create | Villager (Male) |
| 12:43 | Create | Archer |
| 12:43 | Research | Double-Bit Axe |
| 12:44 | Research | Double-Bit Axe |
| 12:54 | Build | House |
| 13:00 | Build | House |
| 13:08 | Create | Villager (Male) |
| 13:11 | Create | Archer |
| 13:12 | Create | Villager (Male) |
| 13:22 | Create | Archer |
| 13:28 | Build | House |
| 13:32 | Build | Blacksmith |
| 13:46 | Create | Villager (Male) |
| 13:47 | Create | Archer |
| 14:05 | Create | Villager (Male) |
| 14:18 | Build | Stable |
| 14:19 | Create | Villager (Male) |
| 14:23 | Research | Fletching |
| 14:23 | Research | Fletching |
| 14:30 | Build | House |
| 14:38 | Create | Archer |
| 14:40 | Create | Villager (Male) |
| 14:42 | Build | Farm |
| 14:56 | Build | Farm |
| 15:06 | Create | Villager (Male) |
| 15:11 | Create | Scout Cavalry |
| 15:12 | Create | Archer |
| 15:31 | Create | Villager (Male) |
| 15:32 | Build | Farm |
| 15:33 | Build | Farm |
| 15:41 | Create | Archer |
| 15:50 | Create | Scout Cavalry |
| 15:50 | Create | Scout Cavalry |
| 15:56 | Build | Lumber Camp |
| 15:59 | Create | Villager (Male) |
| 16:18 | Create | Villager (Male) |
| 16:32 | Create | Villager (Male) |
| 16:33 | Build | Farm |
| 16:51 | Create | Archer |
| 16:56 | Create | Villager (Male) |
| 16:57 | Build | Farm |
| 16:58 | Create | Archer |
| 17:17 | Create | Archer |
| 17:18 | Create | Villager (Male) |
| 17:19 | Build | Archery Range |
| 17:20 | Create | Villager (Male) |
| 17:25 | Create | Scout Cavalry |
| 17:25 | Create | Scout Cavalry |
| 17:30 | Build | Farm |
| 17:37 | Build | Farm |
| 17:43 | Create | Scout Cavalry |
| 17:44 | Create | Archer |
| 17:52 | Create | Villager (Male) |
| 17:56 | Build | House |
| 18:00 | Create | Villager (Male) |
| 18:02 | Build | Farm |
| 18:03 | Build | Farm |
| 18:16 | Create | Scout Cavalry |
| 18:17 | Create | Archer |
| 18:21 | Build | Farm |
| 18:33 | Build | House |
| 18:36 | Research | Horse Collar |
| 18:40 | Create | Scout Cavalry |
| 18:49 | Build | Farm |
| 18:50 | Create | Villager (Male) |
| 18:57 | Create | Archer |
| 19:09 | Create | Villager (Male) |
| 19:09 | Create | Archer |
| 19:10 | Create | Archer |
| 19:28 | Create | Villager (Male) |
| 19:32 | Build | Farm |
| 19:38 | Build | House |
| 19:47 | Create | Archer |
| 19:48 | Create | Villager (Male) |
| 19:54 | Build | Farm |
| 20:01 | Create | Villager (Male) |
| 20:03 | Create | Archer |
| 20:05 | Create | Villager (Male) |
| 20:43 | Create | Villager (Male) |
| 20:45 | Build | House |
| 20:49 | Create | Archer |
| 20:49 | Create | Archer |
| 20:57 | Build | Farm |
| 20:59 | Create | Archer |
Build order — 肥肥ming
First 150 of 164 actions detected
| 0:01 | Create | Villager (Male) |
| 0:01 | Create | Villager (Male) |
| 0:02 | Build | House |
| 0:02 | Build | House |
| 0:09 | Create | Villager (Male) |
| 0:10 | Create | Villager (Male) |
| 0:10 | Create | Villager (Male) |
| 1:25 | Create | Villager (Male) |
| 1:25 | Create | Villager (Male) |
| 1:57 | Create | Villager (Male) |
| 2:05 | Build | House |
| 2:15 | Create | Villager (Male) |
| 2:15 | Create | Villager (Male) |
| 2:45 | Build | Lumber Camp |
| 2:50 | Create | Villager (Male) |
| 2:51 | Create | Villager (Male) |
| 3:02 | Create | Villager (Male) |
| 3:20 | Research | Double-Bit Axe |
| 3:20 | Research | Double-Bit Axe |
| 3:40 | Create | Villager (Male) |
| 3:40 | Create | Villager (Male) |
| 3:52 | Build | House |
| 4:02 | Create | Villager (Male) |
| 4:24 | Create | Villager (Male) |
| 4:46 | Create | Villager (Male) |
| 5:13 | Build | Mill |
| 5:15 | Create | Villager (Male) |
| 5:35 | Create | Villager (Male) |
| 5:35 | Create | Villager (Male) |
| 5:36 | Research | Loom |
| 7:09 | Research | Feudal Age |
| 7:09 | Research | Feudal Age |
| 7:09 | Research | Feudal Age |
| 7:41 | Build | House |
| 8:15 | Build | Barracks |
| 8:23 | Create | Villager (Male) |
| 8:29 | Build | Palisade Wall |
| 8:31 | Build | Palisade Wall |
| 8:32 | Build | House |
| 8:38 | Build | Palisade Wall |
| 8:43 | Build | Palisade Wall |
| 8:45 | Build | Palisade Wall |
| 8:51 | Create | Villager (Male) |
| 9:19 | Age | Feudal Age |
| 9:21 | Create | Spearman |
| 9:22 | Research | Bow Saw |
| 9:22 | Research | Bow Saw |
| 9:33 | Build | Archery Range |
| 9:42 | Create | Villager (Male) |
| 9:57 | Build | House |
| 10:12 | Build | Mining Camp |
| 10:15 | Create | Villager (Male) |
| 10:22 | Create | Archer |
| 10:37 | Create | Villager (Male) |
| 10:52 | Create | Villager (Male) |
| 10:54 | Build | House |
| 11:11 | Create | Skirmisher |
| 11:13 | Build | Farm |
| 11:13 | Build | Farm |
| 11:20 | Create | Villager (Male) |
| 11:23 | Create | Skirmisher |
| 11:29 | Build | Farm |
| 11:39 | Create | Skirmisher |
| 11:39 | Create | Villager (Male) |
| 11:44 | Build | Farm |
| 12:09 | Build | Blacksmith |
| 12:11 | Create | Villager (Male) |
| 12:18 | Create | Archer |
| 12:42 | Build | Farm |
| 12:44 | Research | Fletching |
| 12:45 | Research | Fletching |
| 12:47 | Build | House |
| 12:50 | Create | Archer |
| 12:51 | Create | Villager (Male) |
| 13:04 | Research | Horse Collar |
| 13:04 | Research | Horse Collar |
| 13:16 | Build | Farm |
| 13:17 | Build | Farm |
| 13:20 | Create | Villager (Male) |
| 13:28 | Create | Archer |
| 13:36 | Research | Padded Archer Armor |
| 13:36 | Research | Padded Archer Armor |
| 13:48 | Build | Farm |
| 13:51 | Build | Farm |
| 13:53 | Build | Farm |
| 14:00 | Create | Villager (Male) |
| 14:10 | Create | Archer |
| 14:12 | Build | Farm |
| 14:13 | Create | Villager (Male) |
| 14:30 | Create | Villager (Male) |
| 14:31 | Build | Farm |
| 14:34 | Create | Archer |
| 14:49 | Build | House |
| 14:55 | Build | Farm |
| 14:57 | Create | Archer |
| 15:06 | Create | Flemish Militia |
| 15:08 | Create | Villager (Male) |
| 15:18 | Research | Wheelbarrow |
| 15:31 | Build | House |
| 15:37 | Build | Farm |
| 15:40 | Create | Villager (Male) |
| 15:46 | Create | Archer |
| 15:49 | Create | Villager (Male) |
| 16:10 | Build | Palisade Wall |
| 16:12 | Build | Farm |
| 16:15 | Create | Archer |
| 16:32 | Create | Archer |
| 16:48 | Create | Flemish Militia |
| 16:53 | Research | Scale Mail Armor |
| 16:53 | Create | Villager (Male) |
| 17:03 | Build | Farm |
| 17:03 | Build | Farm |
| 17:03 | Build | Farm |
| 17:03 | Build | Farm |
| 17:06 | Create | Flemish Militia |
| 17:23 | Build | Farm |
| 17:28 | Create | Archer |
| 17:42 | Build | House |
| 17:43 | Build | Palisade Wall |
| 17:46 | Create | Villager (Male) |
| 17:47 | Create | Archer |
| 17:53 | Create | Spearman |
| 18:09 | Create | Spearman |
| 18:20 | Create | Villager (Male) |
| 18:25 | Build | House |
| 18:34 | Research | Castle Age |
| 18:34 | Research | Castle Age |
| 18:35 | Research | Castle Age |
| 18:45 | Build | House |
| 18:46 | Create | Archer |
| 18:56 | Research | Scale Mail Armor |
| 19:04 | Create | Spearman |
| 19:16 | Create | Spearman |
| 19:21 | Build | House |
| 19:23 | Create | Villager (Male) |
| 19:25 | Create | Archer |
| 19:41 | Research | Scale Barding Armor |
| 19:42 | Research | Scale Barding Armor |
| 19:48 | Build | Stable |
| 19:53 | Create | Villager (Male) |
| 19:56 | Build | Palisade Wall |
| 20:03 | Build | Palisade Wall |
| 20:39 | Create | Villager (Male) |
| 20:42 | Create | Archer |
| 20:43 | Create | Flemish Militia |
| 21:14 | Age | Castle Age |
| 21:16 | Research | Crossbowman (upgrade) |
| 21:16 | Research | Bodkin Arrow |
| 21:21 | Research | Bodkin Arrow |
| 21:21 | Research | Bodkin Arrow |
Match timeline
| 5:21 | wR.Prisma · first_building Barracks |
| 8:15 | 肥肥ming · first_building Barracks |
| 8:29 | 肥肥ming · wall_segment Palisade Wall x1 |
| 8:31 | 肥肥ming · wall_segment Palisade Wall x1 |
| 8:38 | 肥肥ming · wall_segment Palisade Wall x1 |
| 8:43 | 肥肥ming · wall_segment Palisade Wall x1 |
| 8:45 | 肥肥ming · wall_segment Palisade Wall x1 |
| 8:59 | wR.Prisma · age_up feudal |
| 9:02 | wR.Prisma · first_building Archery Range |
| 9:19 | 肥肥ming · age_up feudal |
| 9:33 | 肥肥ming · first_building Archery Range |
| 12:21 | wR.Prisma · wall_segment Palisade Wall x1 |
| 14:18 | wR.Prisma · first_building Stable |
| 16:10 | 肥肥ming · wall_segment Palisade Wall x10 |
| 17:43 | 肥肥ming · wall_segment Palisade Wall x4 |
| 19:48 | 肥肥ming · first_building Stable |
| 19:56 | 肥肥ming · wall_segment Palisade Wall x1 |
| 20:03 | 肥肥ming · wall_segment Palisade Wall x1 |
| 21:14 | 肥肥ming · age_up castle |
| 22:47 | 肥肥ming · resign |
[ AI ANALYSIS · 1 CREDIT ]
What really happened in this match?
Wolo.gg analyzes every decision: build order, eco, micro, common mistakes by bracket. Personalized analysis on WhatsApp or Discord in 30 seconds.
Civ guide
Turks
Perfil
Jugador #3176045